 Dungeon Crawl Stone Soup version 0.31-a0-986-g5e6e4ef867 (webtiles) character file.

Game seed: 765525529333117328

9 croobank the Sneak (level 2, 0/26 HPs)
             Began as a Draconian Delver on Nov 20, 2023.
             Succumbed to a water moccasin's poison
             ... on level 5 of the Dungeon.
             The game lasted 00:03:15 (459 turns).

croobank the Sneak (Draconian Delver)                Turns: 459, Time: 00:03:15

Health: 0/26       AC:  4    Str: 14    XL:     2   Next: 3%
Magic:  2/2        EV: 12    Int: 10    God:
Gold:   0          SH:  0    Dex: 12    Spells: 1/1 levels left

rFire   . . .        a - +0 short sword
rCold   . . .        (no shield)
rNeg    . . .        (body armour unavailable)
rPois   .            (helmet restricted)
rElec   .            (no cloak)
rCorr   .            (no gloves)
SInv    .            (no boots)
Will    .....        (no amulet)
Stlth   +++          (no ring)
HPRegen 0.24/turn    (no ring)
MPRegen 0.08/turn

%: no passive effects
@: lethally poisoned (0 -> -6)
A: AC +4, unfitting armour, cold-blooded
a: no special abilities


You were on level 5 of the Dungeon.
You visited 2 branches of the dungeon, and saw 4 of its levels.

Inventory:

Hand Weapons
 a - a +0 short sword (weapon)
Missiles
 h - a curare-tipped dart (quivered)
Wands
 f - a wand of digging (3)
Scrolls
 b - a scroll of fog


   Skills:
 + Level 3.4 Fighting
 + Level 2.2 Short Blades
 + Level 2.0 Dodging
 + Level 4.6 Stealth


You had one spell level left.
You didn't know any spells.
Your spell library was empty.

Dungeon Overview and Level Annotations

Branches:
Dungeon (6/15)             Temple (1/1) D:5

Altars:
Fedhas
Hepliaklqana
Kikubaaqudgha
Nemelex Xobeh
Qazlal
Vehumet
Xom
Zin
The Shining One

Annotations:
D:6 Dowan


Innate Abilities, Weirdness & Mutations

Your plain brown scales are hard. (AC +4)
You cannot fit into any form of body armour.
You are cold-blooded and may be slowed by cold attacks.


Message History

Found a triangular fluorescent amulet. 2 ufetubi and a centaur come into view.
You start resting.
Your extra speed is starting to run out.
You start resting.
You feel yourself slow down.
You start resting.
HP restored.
You start waiting.
Done waiting.
You start waiting.
Done waiting.
There is a stone staircase leading up here.
You climb upwards.
The water moccasin bites you but does no damage.
The phantom barely misses you. The water moccasin bites you.
You are poisoned.
The water moccasin poisons you!
There is a stone staircase leading down here.
As you read the scroll labelled QEUXUO KAREBOX, it crumbles to dust.
It is a scroll of identify.
You don't currently have any unidentified items.
You feel very sick.
The phantom hits you but does no damage.
The water moccasin bites you.
You aren't carrying any potions.
Throw: 2 darts (curare)
Press: ? - help, Q - select action Shift-Dir - straight line, f - water moccasin
Aim: a water moccasin (32% to hit)
You throw a curare-tipped dart.
The curare-tipped dart closely misses the water moccasin.
You feel very sick. The water moccasin barely misses you. The phantom hits you!
* * * LOW HITPOINT WARNING * * *
The phantom blinks!
You blink.
* * * LOW HITPOINT WARNING * * *
You feel sick. The phantom hits you.
* * * LOW HITPOINT WARNING * * *
The phantom blinks!
You blink.
You die...

*,,*.##* ****...##
**#..#######
********###.#.....##
...,,,,,...........##
###*******#..≈≈.≈≈..##
###...≈.≈....#
#!/.≈.....≈..#
#######.#.≈≈W.@≈≈..#
#............_.....#
#.........≈≈...≈≈..#
#......5..≈.....≈..#
###.§......$..≈.≈....#
.#...S..o....≈≈.≈≈...#*
...........#...?......#
#.#.......§##.....#...#
#.#.........<.....#,..#


You could see a phantom and a white imp.

Vanquished Creatures
  A shadow imp (D:5)
  A giant cockroach (D:4)
2 creatures vanquished.

Notes
Turn   | Place    | Note
-------+----------+-------------------------------------------
     0 | D:5      | croobank the Draconian Delver began the quest for the Orb.
     0 | D:5      | Reached XP level 1. HP: 19/19 MP: 1/1
     1 | D:6      | Noticed Dowan
    25 | Temple   | Entered the Ecumenical Temple
    41 | D:5      | Noticed a scorpion
    41 | D:5      | Noticed a hound
    56 | D:5      | Noticed a water moccasin
    90 | D:4      | Reached XP level 2. HP: 23/26 MP: 2/2
   103 | D:4      | Noticed a phantom
   104 | D:4      | Found a shimmering altar of Xom.
   127 | D:5      | Found a stormy altar of Qazlal.
   151 | D:6      | Noticed a phantom
   155 | D:6      | Noticed a centaur
   459 | D:5      | Succumbed to a water moccasin's poison

Illustrated notes

Levels and vault maps discovered:
D:4:      layout_rooms, xom_teletrap_fun, nicolae_titane
D:5:      layout_rooms, mainiacjoe_overflow_small_starburst,
          grunt_dithmenos_smoke_and_mirrors, mainiacjoe_overflow_alcove_1,
          temple_statues, doesnt_shop_hydraphobe
D:6:      layout_rooms, mainiacjoe_overflow_swirl, serial_shops, shop,
          uniq_duvessa
Temple:   hellmonk_temple_two_chambers

Skill      XL: |  1 |
---------------+----+-----
Dodging        | 2 |  2.0
Fighting       | |  3.4
Short Blades   | |  2.2
Stealth        | |  4.6

Action                     || total
---------------------------++-------
  Melee: Short sword       ||    32
         Tailslap          ||     2
  Throw: Dart              ||     1
    Use: Scroll            ||     3
         Potion            ||     1
   Stab: Sleeping          ||     1
 Armour: Skin              ||    21
  Dodge: Dodged            ||    19

Table legend: (Time is in decaauts)
 A = Elapsed time spent in this place.
 B = Non-inter-level travel time spent in this place.
 C = Inter-level travel time spent in this place.
 D = Time resting spent in this place.
 E = Time spent auto-exploring this place.
 F = Levels seen in this place.
 G = Mean time per level.
                   A        B        C        D        E       F      G
               +--------+--------+--------+--------+--------+-----+--------+
         Total |    439 |    439 |      0 |    284 |      9 |   4 |  109.8 |
       Dungeon |    437 |    437 |      0 |    284 |      9 |   3 |  145.7 |
        Temple |      1 |      1 |      0 |      0 |      0 |   1 |    1.0 |
               +--------+--------+--------+--------+--------+-----+--------+

Top non-repeatable levels by time:
     D:6: 294 daAuts
     D:5: 96 daAuts
     D:4: 46 daAuts
  Temple: 1 daAuts
